 Dungeon Crawl Stone Soup version 0.23.2-1-ga50397a (webtiles) character file.

Game seed: 8255910867379824859

1701 Nydiazath the Covert (level 8, -3/36 HPs)
             Began as a Spriggan Enchanter on May 5, 2019.
             Was an Elder of Yredelemnul.
             Slain by a killer bee (7 damage)
             ... on level 7 of the Dungeon.
             The game lasted 00:19:03 (8078 turns).

Nydiazath the Covert (Spriggan Enchanter)           Turns: 8078, Time: 00:19:03

Health: -3/36      AC:  3    Str:  4    XL:     8   Next: 73%
Magic:  13/21      EV: 18    Int: 18    God:    Yredelemnul [****..]
Gold:   380        SH:  0    Dex: 19    Spells: 17/23 levels left

rFire    + . .     SeeInvis +   r - +3 dagger (drain)
rCold    + . .     Gourm    .   (shield restricted)
rNeg     . . .     Faith    .   b - +1 robe
rPois    +         Spirit   .   (helmet restricted)
rElec    .         Reflect  .   y - scarf {rC+ rF+}
rCorr    .         Harm     .   (gloves unavailable)
MR       +....                  (boots unavailable)
Stlth    +++++.....             (no amulet)
HPRegen  0.12/turn              v - ring of the Monkey's Uncle {+Fly Dex+2}
MPRegen  0.17/turn              B - ring of poison resistance

@: flying, very quick
A: very small, unfitting armour, see invisible, herbivore, speed 3, slow
metabolism 2
a: Recall Undead Slaves, Injury Mirror, Animate Dead, Drain Life, Renounce
Religion


You were on level 7 of the Dungeon.
You worshipped Yredelemnul.
Yredelemnul was greatly pleased with you.
You were full.

You visited 2 branches of the dungeon, and saw 8 of its levels.

You collected 380 gold pieces.

Inventory:

Hand Weapons
 a - a +1 dagger
 f - a +0 dagger of venom
 m - a +0 vampiric dagger
 r - a +3 dagger of draining (weapon)
Armour
 b - a +1 robe (worn)
 o - a +1 cloak
 y - a scarf of resistance (worn)
 C - +0 storm dragon scales
Jewellery
 v - the ring of the Monkey's Uncle (left hand) {+Fly Dex+2}
   (You found it on level 5 of the Dungeon)

   [ring of flight]

   It affects your dexterity (+2).
   It lets you fly.
 B - a ring of poison resistance (right hand)
Wands
 d - a wand of random effects (8)
 g - a wand of iceblast (9)
Scrolls
 c - a scroll of enchant armour
 e - 3 scrolls of teleportation
 i - 4 scrolls of remove curse
Potions
 h - 2 potions of curing
 j - a potion of berserk rage
 k - 2 potions of might
 n - a potion of flight
 p - 3 potions of haste
 u - a potion of brilliance
 w - a potion of agility {unknown}
 A - a potion of mutation {unknown}
Comestibles
 t - 3 rations


   Skills:
 + Level 5.8 Short Blades
 - Level 3.0 Dodging
 + Level 10.8 Stealth
 + Level 8.1 Spellcasting
 - Level 3.6 Hexes
 + Level 4.8 Evocations


You had 17 spell levels left.
You knew the following spells:

 Your Spells              Type           Power        Failure   Level  Hunger
a - Corona                Hex            ###....      2%          1    None
b - Ensorcelled Hibernat  Hex/Ice        ##....       7%          2    None
c - Confuse               Hex            ###.....     6%          3    #......

Your spell library contained the following spells:

 Spells                   Type           Power        Failure   Level  Hunger
 Tukima's Dance           Hex            ###.....     6%          3    #......
 Dazzling Spray           Conj/Hex       ##....       14%         3    #......


Dungeon Overview and Level Annotations

Branches:
Dungeon (7/15)             Temple (1/1) D:6

Altars:
Ashenzari
Cheibriados
Dithmenos
Elyvilon
Fedhas
Hepliaklqana
Makhleb
Nemelex Xobeh
Okawaru
Qazlal
Sif Muna
Trog
Uskayaw
Vehumet
Wu Jian
Xom
Yredelemnul
Zin
The Shining One
Lugonu


Innate Abilities, Weirdness & Mutations

You are very small and have problems with some larger weapons.
You are too small for most types of armour.
You have supernaturally acute eyesight. (SInv)
You are a herbivore.
You cover ground extremely quickly.
You need to consume almost no food.


Message History

Aim: a killer bee (chance to defeat MR: 52%)
The killer bee looks drowsy...
The helpless killer bee fails to defend itself.
You stick the killer bee like a pincushion!!!!
You kill the killer bee!
Yredelemnul accepts your kill.
Casting: Ensorcelled Hibernation (safe; 7% risk of failure)
Confirm with . or Enter, or press ? or * to list all spells.
Aiming: Ensorcelled Hibernation (safe; 7% risk of failure)
Press: ? - help, Shift-Dir - straight line, f - killer bee
Aim: a killer bee (chance to defeat MR: 52%)
The killer bee resists with significant effort.
The killer bee stings you!
* * * LOW HITPOINT WARNING * * *
The killer bee closely misses you.
It was a potion of flight.
You feel very buoyant.
You fly up into the air.
The killer bee stings you!
You die...
Your body rises from the dead as a mindless zombie.

#. ... # ### #.. #.# #.#
##.## ##.##.##.#.###...##
## #...#......##.....# #.
#.....##.# ##...## #.
#...#.#.#.#####.#####.
#####oy###............
#y#.#.#####.#####.
#@##.## ##'## ##
####.##### ##..<## #
#........###.....## #
#....###.##.......###
#####..†.....#.........##
.............'.........'.
######....####.........##
#.#.## ##.......### #.###
##.....## #


You could see 2 killer bees and an orc.

Vanquished Creatures
  An ice beast (D:6)
  A black bear (D:7)
  2 ogres
  2 big kobolds (D:4)
  A killer bee (D:7)
  3 howler monkeys
  2 crimson imps (D:5)
  A bullfrog zombie (D:6)
  5 orc priests
  4 hounds
  2 jellies
  A bullfrog skeleton (D:5)
  An iguana (D:5)
  5 orc wizards
  6 worker ants
  A killer bee zombie (D:6)
  A hound zombie (D:6)
  4 gnolls (D:3)
  5 adders
  2 shadow imps
  An ooze (D:3)
  An adder zombie (D:6)
  An adder skeleton (D:5)
  2 worms
  2 dart slugs
  6 leopard geckos
  25 orcs
  2 ball pythons
  6 giant cockroaches
  6 goblins
  8 hobgoblins
  6 jackals
  15 kobolds
  3 quokkas
  5 bats
  4 frilled lizards
  2 leopard gecko skeletons
  6 rats
151 creatures vanquished.

Notes
Turn   | Place    | Note
-------+----------+-------------------------------------------
     0 | D:1      | Nydiazath the Spriggan Enchanter began the quest for the
                  | Orb.
     0 | D:1      | Reached XP level 1. HP: 9/9 MP: 5/5
    30 | D:2      | Reached skill level 5 in Stealth
    30 | D:2      | Reached XP level 2. HP: 13/13 MP: 7/7
   252 | D:2      | Learned a level 2 spell: Ensorcelled Hibernation
  1295 | D:2      | Reached XP level 3. HP: 10/16 MP: 1/9
  2079 | D:1      | Learned a level 3 spell: Confuse
  2476 | D:3      | Found a hide-covered altar of Uskayaw.
  2598 | D:3      | Found a faded altar of an unknown god.
  2604 | D:3      | Became a worshipper of Yredelemnul the Dark
  2604 | D:3      | Reached * piety under Yredelemnul
  2611 | D:3      | Found an iron altar of Okawaru.
  2649 | D:3      | Reached skill level 6 in Stealth
  2688 | D:3      | Reached XP level 4. HP: 15/21 MP: 3/11
  2844 | D:3      | Found a shadowy altar of Dithmenos.
  3443 | D:3      | Reached skill level 7 in Stealth
  3443 | D:3      | Reached XP level 5. HP: 24/24 MP: 8/13
  3449 | D:3      | Reached skill level 5 in Spellcasting
  3469 | D:3      | Found a snail-covered altar of Cheibriados.
  3701 | D:4      | Found a basalt altar of Yredelemnul.
  3740 | D:4      | Noticed an ogre
  3751 | D:4      | Killed an ogre
  3751 | D:4      | Reached ** piety under Yredelemnul
  4023 | D:4      | Reached XP level 6. HP: 22/28 MP: 9/15
  4127 | D:4      | Reached skill level 8 in Stealth
  4890 | D:4      | Reached XP level 7. HP: 31/32 MP: 15/17
  4960 | D:4      | Found a shattered altar of Ashenzari.
  4962 | D:4      | Found a glowing silver altar of Zin.
  4963 | D:4      | Found a burning altar of Makhleb.
  4963 | D:4      | Found an ornate altar of the Wu Jian Council.
  4964 | D:4      | Found a white marble altar of Elyvilon.
  4964 | D:4      | Found a blossoming altar of Fedhas.
  4965 | D:4      | Found a shimmering altar of Xom.
  5326 | D:4      | Found a deep blue altar of Sif Muna.
  5330 | D:4      | Reached skill level 9 in Stealth
  5439 | D:5      | Entered Level 5 of the Dungeon
  5457 | D:5      | Got a bound amber ring
  5458 | D:5      | Identified the ring of the Monkey's Uncle {+Fly Dex+2} (You
                  | found it on level 5 of the Dungeon)
  5514 | D:5      | Reached skill level 1 in Evocations
  6153 | D:5      | Reached *** piety under Yredelemnul
  6238 | D:5      | Reached XP level 8. HP: 31/36 MP: 14/19
  6787 | D:6      | Found a staircase to the Ecumenical Temple.
  6806 | Temple   | Entered the Ecumenical Temple
  6901 | D:6      | Reached skill level 10 in Stealth
  6932 | D:6      | Reached skill level 5 in Short Blades
  7746 | D:7      | Reached **** piety under Yredelemnul
  7985 | D:7      | Found a stormy altar of Qazlal.
  8078 | D:7      | Slain by a killer bee

Skill      XL: |  1  2  3  4  5  6  7  8 |
---------------+-------------------------+-----
Stealth        | 5 6 7 8 9 10 | 10.8
Spellcasting   | 3 4 5 6 7 8 |  8.1
Short Blades   | 2 3 4 5 |  5.8
Evocations     | 2 4 |  4.8
Dodging        | |  3.0
Hexes          | |  3.6

Action                   |  1- 3 |  4- 6 |  7- 9 || total
-------------------------+-------+-------+-------++-------
Melee: Dagger            |   124 |   174 |   120 ||   418
 Cast: Ensorcelled Hiber |    27 |    45 |    60 ||   132
       Confuse           |       |     3 |     5 ||     8
  Use: Scroll            |     2 |       |    10 ||    12
       Potion            |       |     1 |     4 ||     5
 Stab: Sleeping          |    25 |    30 |    47 ||   102
       Distracted        |       |     1 |     2 ||     3
       Confused          |       |       |     5 ||     5
  Eat: Ration            |       |     6 |       ||     6
Armor: Robe              |    10 |    16 |    15 ||    41
Dodge: Dodged            |   117 |   142 |    92 ||   351
